 Dungeon Crawl Stone Soup version 0.29.1-1-gd02db6906a (webtiles) character file.

Game seed: 11046177653828940620

34 raistware the Conjurer (level 3, -5/21 HPs)
             Began as an Octopode Conjurer on Sept 19, 2022.
             Slain by Terence
             ... wielding a +0 short sword
              (7 damage)
             ... on level 2 of the Dungeon.
             The game lasted 00:02:24 (1141 turns).

raistware the Conjurer (Octopode Conjurer)          Turns: 1141, Time: 00:02:25

Health: -5/21      AC:  1    Str:  6    XL:     3   Next: 31%
Magic:  0/7        EV: 13    Int: 22    God:
Gold:   87         SH:  0    Dex: 10    Spells: 7/8 levels left

rFire   . . .      SeeInvis .   (no weapon)
rCold   . . .      Faith    .   (no shield)
rNeg    . . .      Spirit   .   (helmet restricted)
rPois   .          Reflect  .   e - amulet of regeneration
rElec   .          Harm     .   (no ring)
rCorr   .          Rampage  .   (no ring)
Will    .....                   (no ring)
Stlth   +++.......              (no ring)
HPRegen 0.87/turn               (no ring)
MPRegen 0.10/turn               (no ring)
                                (no ring)
                                (no ring)

@: no status effects
A: almost no armour, amphibious, 8 rings, camouflage 1, gelatinous body 1,
(nimble swimmer 1), tentacles
a: no special abilities


You were on level 2 of the Dungeon.
You visited 1 branch of the dungeon, and saw 2 of its levels.

You collected 87 gold pieces.

Inventory:

Jewellery
 e - an amulet of regeneration (around mantle)
Scrolls
 b - 3 scrolls of identify {unknown}
 f - a scroll of blinking {unknown}
 g - a scroll of immolation {unknown}
Potions
 a - a potion of magic
 c - a potion of might {unknown}
 d - a potion of attraction {unknown}


   Skills:
 - Level 2.0 Dodging
 - Level 2.6 Stealth
 + Level 3.4 Spellcasting
 - Level 4.0 Conjurations


You had 7 spell levels left.
You knew the following spells:

 Your Spells              Type           Power      Damage    Failure   Level
a - Magic Dart            Conj           84%        1d7       2%          1

Your spell library contained the following spells:

 Spells                   Type           Power      Damage    Failure   Level
 Searing Ray              Conj           42%        2d6       3%          2
 Dazzling Flash           Conj/Hex       24%        N/A       16%         3
 Fulminant Prism          Conj/Hex       6%         3d7       45%         4
 Iskenderun's Mystic Bla  Conj/Tloc      12%        2d5       45%         4


Dungeon Overview and Level Annotations

Branches:
Dungeon (2/15)

Altars:

Annotations:
D:2 Sigmund, Terence


Innate Abilities, Weirdness & Mutations

You cannot wear most types of armour.
You are amphibious.
You can wear up to eight rings at the same time.
Your skin changes colour to match your surroundings (Stealth+).
Your rubbery body absorbs attacks. (AC +1, EV +1)
((You are camouflaged when in or above water. (Stealth+)))
You have tentacles for arms and can constrict up to eight enemies at once.


Message History

You tentacle-slap Terence but do no damage.
You squeeze Terence.
Terence is almost dead.
You constrict Terence. The bat barely misses you.
Terence hits you with a +0 short sword.
You tentacle-slap Terence but do no damage.
Terence is almost dead.
You constrict Terence, but do no damage.
The bat hits you but does no damage. Terence hits you with a +0 short sword.
Casting: Magic Dart (safe; 2% risk of failure)
Confirm with . or Enter, or press ? or * to list all spells.
You don't have enough magic to cast this spell.
Unknown command.
You tentacle-slap Terence but do no damage.
You squeeze Terence, but do no damage.
Terence is almost dead.
You constrict Terence, but do no damage.
The bat closely misses you. The bat hits you but does no damage.
Terence hits you with a +0 short sword.
* * * LOW HITPOINT WARNING * * *
You tentacle-slap Terence but do no damage.
Terence is almost dead.
You constrict Terence, but do no damage.
The bat hits you.
* * * LOW HITPOINT WARNING * * *
The bat hits you but does no damage.
Terence asks, "Do you want it fast or slow?"
Terence barely misses you.
Casting: Magic Dart (safe; 2% risk of failure)
Confirm with . or Enter, or press ? or * to list all spells.
Aiming: Magic Dart (safe; 2% risk of failure)
Press: ? - help, Shift-Dir - straight line, f/p - Terence
Aim: Terence, wielding a +0 short sword and wearing a +2 scale mail of poison resistance (almost dead, constricted by you, 100% to hit)
The magic dart hits Terence but does no damage.
Terence is almost dead.
You constrict Terence, but do no damage.
The bat hits you.
* * * LOW HITPOINT WARNING * * *
The bat misses you. Terence hits you with a +0 short sword!
You die...

...............# ...#.##.#
...............#####...#.##.#
.................†.....#.....
.......................####.#
........####.........# #..
.....#... #.........# ###
######.... #.........#
#.)...#...).....#
#......@b.........
#.......@....###..
#............# #............#
#............# #............#
#............# #####........#


You could see Terence and a bat.

Vanquished Creatures
  2 adders (D:2)
  2 giant cockroaches (D:2)
  A goblin (D:2)
  2 hobgoblins
  3 jackals (D:1)
  2 ball pythons
  2 bats (D:1)
  A frilled lizard (D:1)
  A rat (D:1)
16 creatures vanquished.

Notes
Turn   | Place    | Note
-------+----------+-------------------------------------------
     0 | D:1      | raistware the Octopode Conjurer began the quest for the
                  | Orb.
     0 | D:1      | Reached XP level 1. HP: 11/11 MP: 3/3
   380 | D:1      | Reached XP level 2. HP: 17/17 MP: 2/5
   819 | D:2      | Noticed Sigmund
   964 | D:2      | Reached XP level 3. HP: 21/21 MP: 3/7
  1004 | D:2      | Noticed Terence
  1141 | D:2      | Slain by Terence

Illustrated notes

Levels and vault maps discovered:
D:1:      co_arrival_hexagon_in_a_hexagon, layout_basic
D:2:      layout_basic, ebering_dispersal_statue_hall,
          chequers_serial_rivers_small_a, uniq_sigmund, uniq_terence

Skill      XL: |  1  2 |
---------------+-------+-----
Spellcasting   | 3 |  3.4
Dodging        | |  2.0
Stealth        | |  2.6
Conjurations   | |  4.0

Action                   || total
-------------------------++-------
Melee: Unarmed           ||    25
       Constrict         ||     3
       Tentacles         ||     4
       Punch             ||     2
 Cast: Magic Dart        ||    39
Armor: Skin              ||     7
Dodge: Dodged            ||    35
